Get step-by-step instructions on how to execute this build order below. Start the game timer, and the build order will tick by so you can play in parallel with StarCraft on a second screen or mobile device.

Game Time

  0:00

Last Step

  N/A

Next Step

Upcoming Step



Don't want to look back and forth between 2 screens? Try out our Overwolf App, the Spawning Tool Build Advisor to get an in-game overlay with this build!

Complete Build Order

  12  0:00  Drone  
  13  0:08  Drone  
  13  0:14  Extractor  
  13  0:15  Drone  
  15  0:22  Overlord  
  15  0:46  Hatchery  
  15  0:48  Drone  
  15  0:51  Drone  
  15  0:56  Drone  
  17  1:00  Drone  
  18  1:11  Extractor  
  17  1:16  Spawning Pool  
  16  1:19  Drone  
  16  1:22  Drone  
  18  1:31  Drone  
  19  1:42  Drone  
  20  1:53  Overlord  
  20  2:04  Queen  
  20  2:06  Queen  
  20  2:07  Zergling x4  
  26  2:10  Drone  
  27  2:17  Metabolic Boost  
  27  2:19  Drone  
  27  2:22  Drone  
  29  2:43  Hatchery  
  28  2:45  Drone  
  28  2:46  Drone  
  28  2:47  Drone  
  28  2:50  Drone  
  32  3:05  Baneling Nest  
  30  3:07  Drone  
  30  3:08  Drone x3  
  30  3:11  Overlord  
  34  3:23  Zergling x2  
  35  3:30  Queen  
  35  3:32  Drone x3  
  35  3:33  Drone  
  35  3:34  Drone  
  42  3:37  Overlord  
  42  3:50  Baneling x3  
  42  3:51  Zergling x2  
  43  3:58  Zergling x12  
  49  4:07  Drone  
  50  4:12  Drone x2  
  50  4:13  Queen  
  54  4:20  Drone  
  54  4:21  Drone x2  
  57  4:34  Baneling x2  
  57  4:36  Overlord  
  57  4:37  Overlord  
  52  5:04  Roach Warren  
  52  5:05  Drone x6  
  56  5:07  Queen  
  56  5:08  Drone  
  56  5:09  Drone x9  
  56  5:13  Extractor  
  67  5:16  Evolution Chamber  
  67  5:18  Lair  
  67  5:19  Evolution Chamber  
  65  5:30  Drone x3  
  65  5:32  Zergling x6  
  71  5:45  Roach  
  73  5:51  Drone  
  73  5:52  Overlord  
  73  5:53  Overlord x2  
  73  5:54  Extractor  
  73  5:56  Extractor  
  72  6:05  Zerg Ground Armor Level 1, Zerg Missile Weapons Level 1  
  72  6:07  Hatchery  
  71  6:18  Extractor  
  71  6:19  Extractor, Roach  
  71  6:20  Roach x7  
  71  6:23  Overlord  
  71  6:24  Overlord x3  
  85  6:36  Glial Reconstitution  
  85  6:46  Drone x6  
  91  6:49  Roach  
  91  6:50  Roach x2  
  92  6:57  Roach  
  92  6:58  Roach x3  
  100  7:01  Zergling x2  
  100  7:02  Zergling x10  
  106  7:21  Zergling x2  
  106  7:22  Zergling x20  
  117  7:25  Roach  
  117  7:28  Ravager x4  
  123  7:30  Roach  
  123  7:34  Drone  
  123  7:35  Drone x2  
  123  7:36  Drone x3  
  131  7:37  Overlord  
  131  7:38  Overlord x2  
  131  7:52  Drone x4  
  131  7:54  Overlord x2  
  135  7:59  Hatchery  
  135  8:05  Zergling x2  
  135  8:06  Zergling x10  
  135  8:08  Baneling x5  
  135  8:09  Baneling  
  135  8:12  Roach x3  
  146  8:15  Roach x2  
  146  8:16  Roach  
  143  8:30  Roach  
  143  8:31  Roach x4  
  127  8:44  Roach x3  
  119  8:50  Roach x4  
  119  8:55  Queen x4  
  122  9:00  Spore Crawler  
  122  9:01  Spore Crawler  
  124  9:04  Drone  
  124  9:05  Drone x3  
  128  9:13  Spore Crawler  
  128  9:14  Extractor  
  128  9:15  Drone x4  
  130  9:19  Drone  
  130  9:20  Drone x5  
  136  9:41  Drone  
  136  9:42  Drone  
  137  9:46  Zerg Ground Armor Level 2, Zerg Missile Weapons Level 2  
  137  9:47  Infestation Pit  
  135  9:58  Roach x10, Spire  
  135  9:59  Roach x10  
  174  10:02  Ravager  
  174  10:03  Ravager x4  
  174  10:05  Drone  
  174  10:06  Drone  
  174  10:07  Spire  
  180  10:20  Extractor x2  
  180  10:21  Hatchery, Overlord  
  177  10:22  Overlord x2  
  177  10:23  Overlord x2  
  170  10:43  Spore Crawler  
  170  10:46  Spore Crawler  
  170  10:49  Roach x14  
  196  10:50  Roach  
  159  11:08  Hive  
  159  11:10  Corruptor x5  
  169  11:24  Drone x7  
  169  11:25  Corruptor x2  
  176  11:42  Roach  
  176  11:43  Roach x11  
  161  12:14  Zerg Flyer Armor Level 1, Zerg Flyer Weapons Level 1  
  161  12:19  Corruptor x5  
  169  12:38  Extractor  
  169  12:39  Roach  
  169  12:40  Roach x15  
  200  13:01  Zerg Missile Weapons Level 3  
  194  13:10  Corruptor x4  
  167  13:13  Zergling x8  
  167  13:14  Zergling x28  
  163  13:22  Corruptor  
  163  13:23  Corruptor  
  167  13:27  Zergling x2  
  167  13:28  Zergling x28  
  167  13:33  Drone x3  
  185  13:51  Zergling x22  
  185  13:52  Zergling x10  
  195  14:00  Roach  
  195  14:01  Roach x6  
  180  14:09  Zergling x16  
  170  14:14  Roach x2  
  160  14:21  Zergling x2  
  160  14:22  Zergling x12  
  161  14:26  Greater Spire  
  151  14:35  Drone x5  
  147  14:42  Zergling x2  
  147  14:43  Zergling x8  
  150  14:58  Zergling x2  
  150  14:59  Zergling x8  
  155  15:09  Hatchery  
  154  15:17  Zergling x2  
  154  15:18  Zergling x22  
  154  15:20  Zergling x2